 Dungeon Crawl Stone Soup version bcrawl-1.38b (webtiles) character file.

Game seed: 14060807419004723999

130359 Lovchig the Shield-Bearer (level 3, -4/34 HPs)
             Began as a Deep Dwarf Fighter on Mar 6, 2023.
             Was a Believer of Elyvilon.
             Slain by a kobold
             ... wielding a +0 dagger of electrocution
              (12 damage)
             ... on level 2 of the Dungeon.
             The game lasted 00:03:57 (1184 turns).

Lovchig the Shield-Bearer (Deep Dwarf Fighter)      Turns: 1184, Time: 00:03:57

Health: -4/34      AC:  7    Str: 20    XL:     3   Next: 55%
Magic:  3/3        EV:  5    Int:  8    God:    Elyvilon [**....]
Gold:   71         SH:  9    Dex: 12    Spells: 2/2 levels left

rFire    . . .     GDR:     27% a - +0 war axe
rCold    + + .     SeeInvis .   c - +0 medium shield
rNeg     . . .     Gourm    .   m - +0 scale mail (curse)
rPois    .         Faith    +   (no helmet)
rElec    .         Spirit   .   i - scarf {rC+ rF+}
rCorr    .         Reflect  .   (no gloves)
MR       .....                  (no boots)
Stlth    ..........             l - amulet of faith
HPRegen  0.00/turn              f - ring of ice (curse)
MPRegen  0.08/turn              (no ring)

@: non-regenerating
A: damage resistance, sense surroundings 1, no regeneration
a: Lesser Healing, Heal Other, Divine Protection, Renounce Religion


You were on level 2 of the Dungeon.
You worshipped Elyvilon.
Elyvilon was pleased with you.
You were not hungry.

You visited 1 branch of the dungeon, and saw 2 of its levels.

You collected 71 gold pieces.

Inventory:

Hand Weapons
 a - a +0 war axe (weapon)
Armour
 c - a +0 medium shield (worn)
 i - a scarf of resistance (worn)
 m - a cursed +0 scale mail (worn)
Jewellery
 f - a cursed ring of ice (left hand)
 l - an amulet of faith (around neck)
Scrolls
 k - a scroll of blinking {unknown}
 p - a scroll of remove curse {unknown}
Potions
 d - a potion of might
 g - a potion of heal wounds {unknown}
 h - a potion of curing {unknown}
 j - a potion of haste {unknown}
 n - a potion of cancellation {unknown}
 o - a potion of flight {unknown}
Comestibles
 b - 4 chunks of flesh
 e - 2 rations {!d}


   Skills:
 + Level 3.4 Fighting
 + Level 2.9 Axes
 + Level 3.7 Armour
 + Level 3.8 Shields


You had 2 spell levels left.
You didn't know any spells.
Your spell library was empty.

Dungeon Overview and Level Annotations

Branches:
Dungeon (2/12)

Altars:


Innate Abilities, Weirdness & Mutations

You are resistant to damage.
You passively map a small area around you.
You do not regenerate.


Message History

Found a stone staircase leading up.
Found a stone staircase leading up.
Some of the chunks of flesh in your inventory have rotted away.
Some of the chunks of flesh in your inventory have rotted away.
Eating one of 5 chunks of flesh.
You eat one of the 5 chunks of flesh.
This raw flesh tastes terrible.
There is a stone staircase leading up here.
A kobold comes into view.
It is wielding a +0 dagger of electrocution.
The kobold throws a stone.
You block the stone. You block the kobold's attack.
You barely miss the kobold. You block the kobold's attack. x2
You closely miss the kobold. The kobold hits you but does no damage.
You are electrocuted!
* * * LOW HITPOINT WARNING * * *
You block the kobold's attack.
You hit the kobold.
The kobold is moderately wounded.
The kobold hits you with a +0 dagger of electrocution.
You are electrocuted!
You die...

# #<##.# # #.##.# #
#.##.# *
######.##.#######.##
*
#...............(....
, *
#.########.#.###.....
, ........#.##......
##.#####......#, # *
, #@.......# , * *
#K##.##..# * ,
,..#*.# ,#.. ,
....,#. . * * ,,
.##.# #. * .. #.# ,..
, * , ,.# ..., .. ,
.. ... ,, * , ,


You could see a kobold.

Vanquished Creatures
  A gnoll (D:1)
  A worm (D:2)
  2 dart slugs
  2 leopard geckos
  A giant cockroach (D:1)
  3 goblins
  5 hobgoblins
  7 kobolds
  2 ball pythons
  2 bats (D:1)
  2 frilled lizards (D:1)
  3 rats
31 creatures vanquished.

Notes
Turn   | Place    | Note
-------+----------+-------------------------------------------
     0 | D:1      | Lovchig the Deep Dwarf Fighter began the quest for the Orb.
     0 | D:1      | Reached XP level 1. HP: 21/21 MP: 1/1
   118 | D:1      | Reached XP level 2. HP: 24/28 MP: 2/2
   367 | D:1      | Reached XP level 3. HP: 21/34 MP: 3/3
   672 | D:1      | Reached ** piety under Elyvilon
  1184 | D:2      | Slain by a kobold

Action                   || total
-------------------------++-------
Melee: War axe           ||    95
  Eat: Chunk             ||     5
Armor: Scale mail        ||    42
Dodge: Dodged            ||    22
Block: Medium shield     ||    58
